 Dungeon Crawl Stone Soup version 0.29-a0-892-g2c4c91d9db (webtiles) character file.

Game seed: 13439587126686044727

210 kevlar127 the Ruffian (level 5, -3/81 HPs)
             Began as a Troll Berserker on July 22, 2022.
             Was a Priest of Trog.
             Slain by an iguana (9 damage)
             ... on level 4 of the Dungeon.
             The game lasted 00:04:12 (2120 turns).

kevlar127 the Ruffian (Troll Berserker)             Turns: 2120, Time: 00:04:13

Health: -3/81      AC:  4    Str: 27    XL:     5   Next: 56%
Magic:  4/4        EV: 10    Int:  3    God:    Trog [***...]
Gold:   146        SH:  0    Dex:  9    Spells: 4/4 levels left

rFire   . . .      SeeInvis .     - Unarmed
rCold   . . .      Faith    .   (no shield)
rNeg    . . .      Spirit   .   a - +0 animal skin
rPois   .          Reflect  .   (helmet restricted)
rElec   .          Harm     .   (no cloak)
rCorr   .          Rampage  .   (gloves unavailable)
Will    .....                   (boots unavailable)
Stlth   ..........              (no amulet)
HPRegen 1.03/turn               (no ring)
MPRegen 0.09/turn               (no ring)

@: berserking, very quick
A: large, unfitting armour, claws 3, regeneration 1, shaggy fur 1, tough skin 1
a: Renounce Religion, Berserk, Trog's Hand


You were on level 4 of the Dungeon.
You worshipped Trog.
Trog was most pleased with you.
You visited 1 branch of the dungeon, and saw 4 of its levels.

You collected 146 gold pieces.

Inventory:

Missiles
 c - 23 stones (quivered)
 h - 2 poisoned darts
Armour
 a - a +0 animal skin (worn)
Scrolls
 f - a scroll of brand weapon {unknown}
 g - 4 scrolls of identify {unknown}
 i - a scroll of summoning {unknown}
 n - a scroll of poison {unknown}
Potions
 b - a potion of curing {unknown}
 d - a potion of flight {unknown}
 e - a potion of might {unknown}
 j - 3 potions of attraction {unknown}
 k - a potion of heal wounds {unknown}
 l - a potion of brilliance {unknown}
 m - a potion of haste {unknown}


   Skills:
 + Level 3.8 Fighting
 - Level 3.0 Dodging
 + Level 4.7 Unarmed Combat


You had 4 spell levels left.
You didn't know any spells.
Your spell library was empty.

Dungeon Overview and Level Annotations

Branches:
Dungeon (4/15)
 Temple: D:4-7

Altars:
Yredelemnul
Zin


Innate Abilities, Weirdness & Mutations

You are too large for most types of armour.
You have claws for hands.
Your natural rate of healing is unusually fast.
You are covered in fur. (AC +1)
You have tough skin. (AC +1)


Message History

You are too injured to fight recklessly!
You are too injured to fight recklessly!
You are too injured to fight recklessly!
You are too injured to fight recklessly!
You are too injured to fight recklessly!
You are too injured to fight recklessly!
You are too injured to fight recklessly!
You are too injured to fight recklessly!
You are too injured to fight recklessly!
There are monsters nearby!
There are monsters nearby!
There are monsters nearby!
Unknown command.
The orc attacks as you move away! The orc hits you with a +0 club.
The kobold closely misses you.
Unknown command.
A giant cockroach comes into view.
You scratch the kobold. Your claw misses the kobold.
The kobold is moderately wounded.
The orc hits you with a +0 club. The iguana bites you!
* * * LOW HITPOINT WARNING * * *
The kobold hits you but does no damage.
Unknown command.
A red film seems to cover your vision as you go berserk!
You feel yourself moving faster!
You feel mighty! The kobold hits you with a +0 club.
* * * LOW HITPOINT WARNING * * *
The iguana bites you!
* * * LOW HITPOINT WARNING * * *
The orc barely misses you.
You completely miss the iguana.
The iguana is almost dead.
You barely miss the iguana. Your claw misses the iguana.
The iguana is almost dead.
The kobold hits you with a +0 club.
* * * LOW HITPOINT WARNING * * *
The orc hits you with a +0 club.
* * * LOW HITPOINT WARNING * * *
The iguana bites you!
You die...

#..........# ##
#.........#
..##.........## #
#.............# .##
#...........#####..#
##...........#.#....###
.......J..#.....<.....#
....B.lKo##...........#
....[#@###.##)###....#
#... ### #....# #....#
#.. ##...# #...# #
##...# #### #...##
##..# #.## ###


You could see an iguana, a jelly, an orc, a giant cockroach and a kobold.

Vanquished Creatures
  Jessica (D:2)
  Terence (D:2)
  A hound zombie (D:3)
  Robin (D:3)
  2 adders
  An adder zombie (D:3)
  2 worms (D:2)
  2 dart slugs
  An orc (D:3)
  6 bats
  8 endoplasms
  6 giant cockroaches
  18 goblins
  11 hobgoblins
  4 jackals (D:2)
  2 quokkas (D:1)
  13 ball pythons
  2 frilled lizards
  10 kobolds
  4 rats
96 creatures vanquished.

Notes
Turn   | Place    | Note
-------+----------+-------------------------------------------
     0 | D:1      | kevlar127 the Troll Berserker began the quest for the Orb.
     0 | D:1      | Reached XP level 1. HP: 22/22 MP: 0/0
    73 | D:1      | Reached XP level 2. HP: 16/29 MP: 1/1
   294 | D:1      | Reached ** piety under Trog
   509 | D:1      | Reached XP level 3. HP: 28/36 MP: 2/2
   751 | D:2      | Identified the +6 spear of Hatred {vorpal, rN+}
   913 | D:2      | Noticed Terence
   921 | D:2      | Killed Terence
   922 | D:2      | Reached skill level 4 in Unarmed Combat
   922 | D:2      | Reached XP level 4. HP: 41/45 MP: 3/3
   974 | D:2      | Noticed Jessica
   980 | D:2      | Killed Jessica
  1091 | D:2      | Reached *** piety under Trog
  1291 | D:2      | Found the +7 staff of the Meek {protect, meekguard}
  1327 | D:2      | Identified the +7 spear of Balance {speed, Int+3}
  1437 | D:3      | Reached XP level 5. HP: 52/53 MP: 4/4
  1500 | D:3      | Found a glowing silver altar of Zin.
  1588 | D:3      | Found a basalt altar of Yredelemnul.
  1833 | D:3      | Noticed Robin
  1834 | D:3      | Found a faded altar of an unknown god.
  1862 | D:3      | HP: 2/54 [goblin/+0 club[Robin] (5)]
  1888 | D:3      | Killed Robin
  2120 | D:4      | Slain by an iguana

Illustrated notes

Levels and vault maps discovered:
D:1:      dpeg_arrival_pits, layout_basic, hangedman_feature_mirror, st_stairs_1
D:2:      layout_basic, minmay_misc_feat_columns, minmay_misc_feat_rows,
          uniq_terence, uniq_jessica
D:3:      layout_loops_ring, mainiacjoe_overflow_small_starburst,
          lemuel_zombie_altar_yredelemnul, basic_ecumenical_altar, uniq_robin
D:4:      layout_cave_pools, minmay_temple_entry_slanted

Skill      XL: |  1  2  3 |
---------------+----------+-----
Dodging        | 3 |  3.0
Fighting       | 3 |  3.8
Unarmed Combat | 4 |  4.7

Action                   |  1- 3 |  4- 6 || total
-------------------------+-------+-------++-------
Melee: Unarmed           |   125 |   117 ||   242
       Punch             |       |     4 ||     4
Invok: Berserk           |       |     1 ||     1
       Trog's Hand       |       |     1 ||     1
 Stab: Sleeping          |     1 |       ||     1
Armor: Animal skin       |    43 |    55 ||    98
Dodge: Dodged            |    75 |    66 ||   141

Table legend: (Time is in decaauts)
 A = Elapsed time spent in this place.
 B = Non-inter-level travel time spent in this place.
 C = Inter-level travel time spent in this place.
 D = Time resting spent in this place.
 E = Time spent auto-exploring this place.
 F = Levels seen in this place.
 G = Mean time per level.
                   A        B        C        D        E       F      G
               +--------+--------+--------+--------+--------+-----+--------+
         Total |   2102 |   2031 |     71 |      0 |   1556 |   4 |  525.5 |
       Dungeon |   2102 |   2031 |     71 |      0 |   1556 |   4 |  525.5 |
               +--------+--------+--------+--------+--------+-----+--------+

Top non-repeatable levels by time:
     D:3: 728 daAuts
     D:1: 687 daAuts
     D:2: 654 daAuts
     D:4: 31 daAuts
